 Dungeon Crawl Stone Soup version 0.26.1-10-gdfb7c7de75 (webtiles) character file.

Game seed: 10010497159839137388

607 jlumianski the Grasshopper (level 7, -4/56 HPs)
             Began as a Gnoll Warper on Apr 8, 2021.
             Slain by a wraith (6 damage)
             ... in an ossuary.
             The game lasted 00:24:11 (4137 turns).

jlumianski the Grasshopper (Gnoll Warper)           Turns: 4137, Time: 00:24:11

Health: -4/56      AC:  4    Str: 14    XL:     7   Next: 43%
Magic:  15/15      EV: 14    Int: 17    God:
Gold:   30         SH:  0    Dex: 14    Spells: 9/17 levels left

rFire    . . .     SeeInvis .   s - +0 war axe
rCold    + . .     Faith    .   (no shield)
rNeg     . . .     Spirit   .   D - +0 leather armour of Zin's Grace {Will+}
rPois    .         Reflect  .   l - +0 helmet
rElec    .         Harm     .   (no cloak)
rCorr    .         Rampage  .   (no gloves)
Will     +....                  (no boots)
Stlth    ++........             (no amulet)
HPRegen  0.18/turn              c - ring of protection from cold
MPRegen  0.14/turn              (no ring)

@: hasted and slowed
A: distributed training, fangs 1, strong nose
a: no special abilities


You were in an ossuary.
You visited 1 branch of the dungeon, and saw 5 of its levels.
You also visited: Ossuary.

You collected 166 gold pieces.
You spent 136 gold pieces at shops.

Inventory:

Hand Weapons
 a - a +0 hand axe
 o - a +0 hunting sling
 s - a +0 war axe (weapon)
Missiles
 e - 5 boomerangs of dispersal
 h - 44 bolts
 j - 148 stones (quivered)
 m - 14 sling bullets
 t - 12 poisoned darts
Armour
 b - a +1 leather armour
 g - a +0 chain mail
 l - a +0 helmet (worn)
 v - a +2 robe of resistance
 D - the +0 leather armour of Zin's Grace (worn) {Will+}
   (You found it on level 4 of the Dungeon)

   It affects your willpower, your defense against some magical effects.
Jewellery
 c - a ring of protection from cold (left hand)
 y - an uncursed ring of teleportation
Wands
 i - a wand of acid (8)
 k - a wand of polymorph (9)
Scrolls
 d - 2 scrolls of blinking
 p - 4 scrolls of teleportation
 r - a scroll of remove curse
 u - a scroll of fear {unknown}
 C - 2 scrolls of amnesia {unknown}
 E - a scroll of enchant weapon
 F - a scroll of noise {unknown}
 G - a scroll of immolation
 H - 2 scrolls of identify
 I - 3 scrolls of magic mapping {unknown}
Potions
 f - a potion of curing {unknown}
 n - a potion of berserk rage {unknown}
 q - a potion of resistance {unknown}
 w - a potion of heal wounds
 x - a potion of ambrosia {unknown}
 z - a potion of haste
 A - a potion of lignification {unknown}
 B - a potion of brilliance {unknown}
 J - a potion of cancellation {unknown}


   Skills:
 + Level 5.2 Fighting
 + Level 2.5 Short Blades
 + Level 2.5 Long Blades
 + Level 5.2 Axes
 + Level 2.5 Maces & Flails
 + Level 2.5 Polearms
 + Level 2.5 Staves
 + Level 2.5 Slings
 + Level 2.5 Bows
 + Level 2.5 Crossbows
 + Level 3.6 Throwing
 + Level 3.6 Armour
 + Level 5.2 Dodging
 + Level 2.5 Stealth
 + Level 2.5 Shields
 + Level 2.5 Unarmed Combat
 + Level 5.6 Spellcasting
 + Level 2.0 Conjurations
 + Level 2.0 Hexes
 + Level 2.0 Summonings
 + Level 2.0 Necromancy
 + Level 5.8 Translocations
 + Level 2.0 Transmutations
 + Level 2.0 Fire Magic
 + Level 2.0 Ice Magic
 + Level 2.0 Air Magic
 + Level 2.0 Earth Magic
 + Level 2.0 Poison Magic
 + Level 2.7 Invocations
 + Level 2.5 Evocations


You had 9 spell levels left.
You knew the following spells:

 Your Spells              Type           Power        Failure   Level
a - Blink                 Tloc           N/A          2%          2
b - Gell's Gravitas       Tloc           12%          4%          3
c - Teleport Other        Tloc           24%          4%          3

Your spell library contained the following spells:

 Spells                   Type           Power        Failure   Level
 Lesser Beckoning         Tloc           12%          4%          3
 Passage of Golubria      Tloc           N/A          14%         4


Dungeon Overview and Level Annotations

Branches:
Dungeon (5/15)            Ossuary (1/1)
 Temple: D:4-7

Altars:

Shops:
D:4 ?

Annotations:
D:5 Grinder, Menkaure


Innate Abilities, Weirdness & Mutations

Your experience applies equally to all skills.
You have very sharp teeth.
Your uncanny sense of smell can sniff out nearby items.


Message History

The wraith is lightly damaged.
The wraith barely misses you. x2
You slash the wraith!
The wraith is heavily damaged.
The wraith closely misses you. The wraith hits you!
The wraith drains your vigour!
You feel as though you will be slow longer.
You hit the wraith.
The wraith is severely damaged.
The wraith closely misses you. The wraith hits you!
* * * LOW HITPOINT WARNING * * *
You barely miss the wraith.
The wraith is severely damaged.
The wraith hits you!
* * * LOW HITPOINT WARNING * * *
The wraith drains your vigour!
You feel as though you will be slow longer.
The wraith closely misses you.
You feel yourself speed up. The wraith hits you.
You die...

..... # .... #.
###..# # #.
#?#..#∆ .#∆
#..#W#..#+#..#
#..#@#..#.#..#.
#.........^....
#.............^
#..####......##
#..#.'...8...#∆
#..####......#
#...^........#.
#..............
#..####.####...


You could see a wraith.

Vanquished Creatures
  Eustachio (D:4)
  A centaur zombie (D:3)
  A human zombie (Ossuary)
  Jessica (D:3)
  Natasha (thrice) (D:3)
  An orc wizard (D:3)
  A hound skeleton (D:4)
  A mummy (Ossuary)
  Robin (D:2)
  6 adders
  8 gnolls
  An adder zombie (D:5)
  An adder skeleton (D:4)
  A worm (D:2)
  7 orcs
  A ball python (D:1)
  4 bats
  9 giant cockroaches
  13 goblins
  9 hobgoblins
  4 quokkas
  8 frilled lizards
  3 goblin zombies (Ossuary)
  9 kobolds
  2 kobold zombies (Ossuary)
  An orc zombie (Ossuary)
  7 rats
105 creatures vanquished.

Vanquished Creatures (others)
  A hobgoblin (D:3)
1 creature vanquished.

Grand Total: 106 creatures vanquished

Notes
Turn   | Place    | Note
-------+----------+-------------------------------------------
     0 | D:1      | jlumianski the Gnoll Warper began the quest for the Orb.
     0 | D:1      | Reached XP level 1. HP: 20/20 MP: 6/6
   285 | D:1      | Reached XP level 2. HP: 17/26 MP: 7/7
   291 | D:1      | Learned a level 2 spell: Blink
   660 | D:1      | Reached XP level 3. HP: 31/31 MP: 9/9
   664 | D:1      | Learned a level 3 spell: Gell's Gravitas
   668 | D:1      | Learned a level 3 spell: Teleport Other
   679 | D:1      | Reached skill level 5 in Spellcasting
   811 | D:2      | Reached skill level 1 in Invocations
   833 | D:2      | Reached skill level 1 in Short Blades
   833 | D:2      | Reached skill level 1 in Long Blades
   833 | D:2      | Reached skill level 1 in Maces & Flails
   833 | D:2      | Reached skill level 1 in Polearms
   833 | D:2      | Reached skill level 1 in Staves
   833 | D:2      | Reached skill level 1 in Slings
   833 | D:2      | Reached skill level 1 in Bows
   833 | D:2      | Reached skill level 1 in Crossbows
   833 | D:2      | Reached skill level 1 in Stealth
   833 | D:2      | Reached skill level 1 in Shields
   833 | D:2      | Reached skill level 1 in Unarmed Combat
   833 | D:2      | Reached skill level 1 in Evocations
   836 | D:2      | Reached XP level 4. HP: 23/38 MP: 11/11
  1233 | D:3      | Reached skill level 1 in Conjurations
  1233 | D:3      | Reached skill level 1 in Hexes
  1233 | D:3      | Reached skill level 1 in Summonings
  1233 | D:3      | Reached skill level 1 in Necromancy
  1233 | D:3      | Reached skill level 1 in Transmutations
  1233 | D:3      | Reached skill level 1 in Fire Magic
  1233 | D:3      | Reached skill level 1 in Ice Magic
  1233 | D:3      | Reached skill level 1 in Air Magic
  1233 | D:3      | Reached skill level 1 in Earth Magic
  1233 | D:3      | Reached skill level 1 in Poison Magic
  1308 | D:3      | Noticed Natasha
  1324 | D:3      | Killed Natasha
  1325 | D:3      | Reached XP level 5. HP: 25/43 MP: 5/12
  1462 | D:3      | Noticed Natasha
  1472 | D:3      | Killed Natasha
  1655 | D:3      | Noticed Robin
  1760 | D:2      | Killed Robin
  1803 | D:3      | Reached XP level 6. HP: 41/50 MP: 9/13
  1877 | D:3      | Noticed Jessica
  1903 | D:3      | Killed Jessica
  2787 | D:3      | Noticed Natasha
  2795 | D:3      | Killed Natasha
  2796 | D:3      | Reached skill level 5 in Fighting
  2796 | D:3      | Reached skill level 5 in Axes
  2796 | D:3      | Reached skill level 5 in Dodging
  3701 | D:4      | Found Ubykirod's Magic Scroll Shoppe.
  3706 | D:4      | Noticed Eustachio
  3745 | D:4      | Killed Eustachio
  3746 | D:4      | Reached XP level 7. HP: 13/56 MP: 5/15
  3822 | D:4      | Got an ichor-stained leather armour
  3856 | D:4      | Bought a scroll of remove curse for 39 gold pieces
  3856 | D:4      | Bought a scroll of enchant weapon for 97 gold pieces
  3869 | D:4      | Identified the +0 leather armour of Zin's Grace {Will+}
                  | (You found it on level 4 of the Dungeon)
  3909 | D:5      | Entered Level 5 of the Dungeon
  3956 | D:5      | Found a sand-covered staircase.
  3969 | D:5      | Noticed Menkaure
  3972 | D:5      | Noticed Grinder
  3978 | Ossuary  | Entered an ossuary
  3978 | Ossuary  | Noticed a wraith
  3978 | Ossuary  | Noticed a wraith
  3978 | Ossuary  | Noticed a wraith
  4126 | Ossuary  | Noticed a wraith
  4136 | Ossuary  | HP: 1/56 [wraith (13)]
  4137 | Ossuary  | Slain by a wraith

Illustrated notes

Levels and vault maps discovered:
D:1:      minmay_arrival_widening_spiral_wide, layout_basic
D:2:      layout_loops_corners
D:3:      layout_rooms, uniq_robin, uniq_jessica, uniq_natasha
D:4:      layout_rooms, serial_shops, shop, chequers_serial_rivers_small_a,
          minmay_misc_feat_more_columns, lightli_minifort, uniq_eustachio
D:5:      minmay_chambers_of_fours, layout_rooms,
          nicolae_dithmenos_through_a_glass_darkly,
          lightli_ossuary_entry_decrepit_ruins, uniq_menkaure, uniq_grinder,
          uniq_edmund
Ossuary:  ossuary_kennysheep_city_of_the_dead

Skill      XL: |  1  2  3  4  5  6 |
---------------+-------------------+-----
Spellcasting   | 5 |  5.6
Invocations    | 1 2 |  2.7
Short Blades   | 1 2 |  2.5
Long Blades    | 1 2 |  2.5
Maces & Flails | 1 2 |  2.5
Polearms       | 1 2 |  2.5
Staves         | 1 2 |  2.5
Slings         | 1 2 |  2.5
Bows           | 1 2 |  2.5
Crossbows      | 1 2 |  2.5
Stealth        | 1 2 |  2.5
Shields        | 1 2 |  2.5
Unarmed Combat | 1 2 |  2.5
Evocations     | 1 2 |  2.5
Conjurations   | 1 2 |  2.0
Hexes          | 1 2 |  2.0
Summonings     | 1 2 |  2.0
Necromancy     | 1 2 |  2.0
Transmutations | 1 2 |  2.0
Fire Magic     | 1 2 |  2.0
Ice Magic      | 1 2 |  2.0
Air Magic      | 1 2 |  2.0
Earth Magic    | 1 2 |  2.0
Poison Magic   | 1 2 |  2.0
Throwing       | 3 |  3.6
Armour         | 3 |  3.6
Fighting       | 5 |  5.2
Axes           | 5 |  5.2
Dodging        | 5 |  5.2
Translocations | |  5.8

Action                   |  1- 3 |  4- 6 |  7- 9 || total
-------------------------+-------+-------+-------++-------
Melee: Hand axe          |    86 |    93 |       ||   179
       Bite              |     4 |    23 |     2 ||    29
       War axe           |       |    88 |    45 ||   133
 Fire: Hunting sling     |       |     3 |       ||     3
Throw: Stone             |     1 |     5 |       ||     6
       Dart              |       |    12 |       ||    12
 Cast: Gell's Gravitas   |     1 |    29 |     1 ||    31
       Blink             |       |     1 |       ||     1
Evoke: Wand              |     1 |     1 |       ||     2
  Use: Scroll            |       |     4 |     1 ||     5
       Potion            |       |       |     3 ||     3
 Stab: Sleeping          |     1 |     2 |       ||     3
Armor: Leather armour    |    27 |    45 |     3 ||    75
Dodge: Dodged            |    77 |   180 |    29 ||   286
